 Dungeon Crawl Stone Soup version 0.26.0-45-g9c1d065592 (webtiles) character file.

Game seed: 4520294909830801538

135 kaeus the Sneak (level 5, -1/37 HPs)
             Began as an Octopode Monk on Jan 28, 2021.
             Killed from afar by Alvadar's ghost (7 damage)
             ... with a magic dart
             ... on level 3 of the Dungeon.
             The game lasted 00:02:45 (3440 turns).

kaeus the Sneak (Octopode Monk)                     Turns: 3440, Time: 00:02:46

Health: -1/37      AC:  1    Str: 11    XL:     5   Next: 18%
Magic:  5/5        EV: 15    Int: 12    God:
Gold:   238        SH:  0    Dex: 15    Spells: 4/4 levels left

rFire    . . .     SeeInvis .   c - +0 dagger
rCold    . . .     Faith    .   (no shield)
rNeg     . . .     Spirit   .   (helmet restricted)
rPois    .         Reflect  .   (no amulet)
rElec    .         Harm     .   (no ring)
rCorr    .         Rampage  .   (no ring)
Will     .....                  (no ring)
Stlth    ++++......             (no ring)
HPRegen  0.12/turn              (no ring)
MPRegen  0.09/turn              (no ring)
                                (no ring)
                                (no ring)

@: mighty
A: almost no armour, stealthy swim, amphibious, 8 rings, constrict 8, camouflage
1, gelatinous body 1
a: no special abilities


You were on level 3 of the Dungeon.
You visited 1 branch of the dungeon, and saw 3 of its levels.

You collected 238 gold pieces.

Inventory:

Hand Weapons
 c - a +0 dagger (weapon)
Jewellery
 a - an uncursed ring of magical power {unknown}
Scrolls
 d - 4 scrolls of identify {unknown}
 h - a scroll of enchant weapon {unknown}
 i - 2 scrolls of amnesia {unknown}
 j - a scroll of random uselessness {unknown}
 m - a scroll of enchant armour {unknown}
 o - a scroll of immolation {unknown}
 q - a scroll of remove curse {unknown}
Potions
 b - 3 potions of curing
 e - a potion of ambrosia
 f - a potion of degeneration {unknown}
 g - a potion of heal wounds
 k - a potion of lignification {unknown}
 l - 2 potions of mutation {unknown}
 n - 2 potions of resistance {unknown}
 p - a potion of cancellation {unknown}
 r - a potion of brilliance {unknown}
 s - a potion of might


   Skills:
 + Level 3.7 Fighting
 + Level 3.7 Short Blades
 + Level 3.6 Dodging
 * Level 5.0 Stealth


You had 4 spell levels left.
You didn't know any spells.
Your spell library was empty.

Dungeon Overview and Level Annotations

Branches:
Dungeon (3/15)

Altars:

Annotations:
D:3 1 runed translucent door, Alvadar's ghost, amateur DECj; Crazy Yiuf


Innate Abilities, Weirdness & Mutations

You cannot wear most types of armour.
You are very stealthy in the water. (Stealth+)
You are amphibious.
You can wear up to eight rings at the same time.
You can use your tentacles to constrict eight enemies at once.
Your skin changes colour to match your surroundings (Stealth+).
Your rubbery body absorbs attacks. (AC +1, EV +1)


Message History

Alvadar's ghost is moderately damaged.
Alvadar's ghost misses you.
You miss Alvadar's ghost.
Alvadar's ghost is moderately damaged.
You barely miss Alvadar's ghost.
Alvadar's ghost is moderately damaged.
Alvadar's ghost casts a spell at you. The magic dart hits you.
You take 5 damage, and have 13/37 hp.
You barely miss Alvadar's ghost.
Alvadar's ghost is moderately damaged.
Alvadar's ghost points at you and mumbles some strange words.
The magic dart hits you!
* * * LOW HITPOINT WARNING * * *
You take 7 damage, and have 6/37 hp.
You hit Alvadar's ghost.
Alvadar's ghost is heavily damaged.
Alvadar's ghost gestures at you while chanting.
The magic dart hits you!
You die...

#.#.##.#....##
#....<........
#..#####....## #..#
##.#.# #.)# #.#(#
########..# ##.#.#
#.........#####....#
#...W..##..........##
##..#@#..######.......
##..##.##..## #.....##
#..##...##..# ##...##
##.##.....##.## ###.#
#..#⌠.!♣!.⌠#..# #.#
#..##.....##..######.###
#...##...##........÷...#
#.#..##⌠##..###.####)#.#
#.##..###.)## #.# #.#.#


You could see Alvadar's ghost.

Vanquished Creatures
  Robin (D:2)
  4 adders
  An ooze (D:2)
  3 worms
  3 dart slugs
  2 orcs (D:3)
  9 bats
  2 giant cockroaches
  16 goblins
  5 hobgoblins
  2 jackals (D:3)
  8 kobolds
  3 frilled lizards
  8 rats
67 creatures vanquished.

Notes
Turn   | Place    | Note
-------+----------+-------------------------------------------
     0 | D:1      | kaeus the Octopode Monk began the quest for the Orb.
     0 | D:1      | Reached XP level 1. HP: 16/16 MP: 1/1
   119 | D:1      | Reached skill level 3 in Stealth
   135 | D:1      | Reached XP level 2. HP: 19/21 MP: 2/2
   953 | D:1      | Reached XP level 3. HP: 18/26 MP: 3/3
  1119 | D:2      | Reached skill level 4 in Stealth
  1311 | D:2      | Noticed Robin
  1333 | D:1      | Reached XP level 4. HP: 9/31 MP: 4/4
  1985 | D:2      | Killed Robin
  2656 | D:3      | Reached XP level 5. HP: 5/37 MP: 5/5
  2981 | D:3      | Reached skill level 5 in Stealth
  3083 | D:3      | Found a runed translucent door.
  3084 | D:3      | Noticed Crazy Yiuf
  3137 | D:3      | Found a runed translucent door.
  3137 | D:3      | Noticed Alvadar's ghost (amateur DECj)
  3440 | D:3      | Killed from afar by Alvadar's ghost

Illustrated notes

Levels and vault maps discovered:
D:1:      heliophobic_arrival_glass_houses, layout_rooms, st_stairs_13,
          grunt_decor_junction
D:2:      layout_loops_ring, serial_aquarium, aquarium_bridge_long_separate
          [aquarium_subvault_bridge, aquarium_subvault_bridge,
          aquarium_subvault_bridge, aquarium_subvault_bridge,
          aquarium_subvault_bridge, aquarium_subvault_wall],
          aquarium_window_corridor_3, aquarium_window_corner, aquarium_window_2,
          aquarium_window_1, aquarium_view_2c, aquarium_balcony_5b,
          grunt_ministairs_3, uniq_robin
D:3:      layout_loops_ring, led_xom_imps, hellmonk_ghost_happy_afterlife,
          serial_glass, glass_columns_a, glass_columns_b, glass_columns_a,
          glass_columns_a, glass_columns_a, glass_columns_b,
          due_unseen_surprise, item_on_display_a, item_on_display_a,
          uniq_crazy_yiuf_cottage

Skill      XL: |  1  2  3  4  5 |
---------------+----------------+-----
Stealth        | 3 4 5 |  5.0
Fighting       | |  3.7
Short Blades   | |  3.7
Dodging        | |  3.6

Action                   |  1- 3 |  4- 6 || total
-------------------------+-------+-------++-------
Melee: Short sword       |     8 |       ||     8
       Tentacles         |    11 |    22 ||    33
       Constrict         |    14 |    28 ||    42
       Dagger            |    46 |   115 ||   161
  Use: Potion            |       |     6 ||     6
 Stab: Sleeping          |     7 |     6 ||    13
       Distracted        |     1 |       ||     1
Armor: Skin              |     3 |     6 ||     9
Dodge: Dodged            |    37 |    66 ||   103
